AoeStats
← 牛油果

Arabia

503518087Analyzed
1v1 RM · 1mo ago on Sep 1, 2026· 48m 20s· 2 players
Game mode
Random Map
Map size
Tiny (2 player)
Population
200
Speed
Normal
Resources
Standard
Victory
Conquest
Starting age
Dark Age
Ending age
Imperial Age
RankedLock teamsTeams togetherTeam positionsShared explorationLock speedFull tech treeHidden civsTurbo modeCheats
Victory
Defeat
🇨🇳 Chinese · China
1758
+21
🇭🇰 Armenians · Hong Kong SAR China
1874
-21
Swareee
0:25 Loom
8:58 Feudal Age
10:00 Double-Bit Axe
15:24 Fletching
21:19 Castle Age
20:20 Gold Mining
20:14 Horse Collar
22:02 Bodkin Arrow
21:29 Crossbowman
22:22 Bow Saw
24:37 Ballistics
25:33 Wheelbarrow
26:14 Town Watch
28:09 Hand Cart
30:40 Padded Archer Armor
30:42 Stone Mining
35:00 Imperial Age
33:05 Thumb Ring
33:08 Light Cavalry
33:59 Bloodlines
33:49 Husbandry
35:06 Scale Barding Armor
35:11 Forging
35:30 Town Patrol
36:13 Bracer
35:35 Arbalester
37:47 Chemistry
37:47 Masonry
40:27 Chain Barding Armor
40:42 Iron Casting
44:59 Blast Furnace
44:36 Plate Barding Armor
45:02 Blast Furnace
45:30 Leather Archer Armor
45:35 Heavy Plow
牛油果
5:50 Loom
6:02 Loom
9:10 Feudal Age
9:58 Double-Bit Axe
9:45 Man-at-Arms
12:56 Horse Collar
14:00 Long Swordsman
17:07 Wheelbarrow
20:59 Castle Age
20:53 Scale Mail Armor
21:03 Forging
22:38 Bow Saw
24:44 Town Watch
25:35 Hand Cart
26:08 Heavy Plow
32:23 Imperial Age
30:14 Fletching
30:25 Padded Archer Armor
30:23 Elite Skirmisher
31:07 Bodkin Arrow
32:31 Ballistics
33:06 Bracer
34:10 Chemistry
33:53 Leather Archer Armor
35:20 Ring Archer Armor
36:11 Gold Mining
36:12 Stone Mining
37:41 Masonry
41:02 Chain Mail Armor
40:58 Forging
40:49 Squires
41:18 Two-Handed Swordsman
41:43 Gambesons
42:29 Plate Mail Armor
42:36 Arson
43:09 Champion
46:39 Guard Tower
47:43 Crossbowman
Connection lost

Rejoining the realm…

Still unreachable

The connection could not be restored.

Session expired

The server has moved on; the page needs a fresh start.